[Event "January 9 Early 2024"]
[Site "https://www.chess.com"]
[Date "2024.01.11"]
[Round "3"]
[White "Navara, David"]
[Black "Fier, Alexandr"]
[Result "1-0"]
[Board "294"]
[TimeControl "180+1"]
[WhiteFideId "309095"]
[BlackFideId "2107139"]
[WhiteElo "2996"]
[BlackElo "2736"]
[WhiteTeam "CZE"]
[BlackTeam "BRA"]
[WhiteClock "0:00:07"]
[BlackClock "0:00:11"]

1. d4 Nf6 2. c4 c5 3. d5 e6 4. Nc3 exd5 5. cxd5 d6 6. e4 g6 7. f4 Bg7 8. Bb5+ Nfd7 9. a4 Na6 10. Nf3 Nb4 11. O-O a6 12. Bxd7+ Bxd7 13. f5 O-O 14. Bg5 f6 15. Bf4 gxf5 16. Bxd6 fxe4 17. Bxf8 Qxf8 18. Nxe4 f5 19. Nc3 Qd6 20. Ng5 c4 21. Qh5 Qg6 22. Qxg6 hxg6 23. Rf4 Rc8 24. Ne6 Nd3 25. Rf3 Bxe6 26. dxe6 Nxb2 27. Rb1 Nd3 28. Nd5 Re8 29. e7 Nb2 30. a5 Kf7 31. Kf1 Be5 32. Re3 Bd4 33. Re2 c3 34. Rc2 Rh8 35. Nxc3 Nc4 36. Nd5 Na3 37. e8=Q+ Kxe8 38. Rc8+ Kd7 39. Nb6+ Kd6 40. Rd1 Rxc8 41. Nxc8+ Kc5 42. Nd6 Nc2 43. Rc1 Kxd6 44. Rxc2 Be5 45. Kf2 Bxh2 46. g3 f4 47. g4 g5 48. Rc8 Bg3+ 49. Ke2 Kd7 50. Rc5 Bh4 51. Kf3 Kd6 52. Rf5 Kc6 53. Ke4 Kc7 54. Re5 Kc6 55. Rf5 Kc7 56. Kd5 Be1 57. Rxg5 Bxa5 58. Rf5 Kd7 59. Rf7+ Ke8 60. Ke6 Bd2 61. g5 f3 62. g6 Bc3 63. Rxf3 Ba1 64. Rf7 b5 65. g7 Bxg7 66. Rxg7 1-0

[Event "January 9 Early 2024"]
[Site "https://www.chess.com"]
[Date "2024.01.11"]
[Round "3"]
[White "Rogov, Matfey"]
[Black "Khripachenko, Alexander"]
[Result "1/2-1/2"]
[Board "295"]
[TimeControl "180+1"]
[WhiteFideId "44191308"]
[BlackFideId "54184975"]
[WhiteElo "2556"]
[BlackElo "2820"]
[WhiteTeam "RUS"]
[BlackTeam "FID"]
[WhiteClock "0:00:05"]
[BlackClock "0:00:09"]

1. e4 c5 2. Nc3 e6 3. Nf3 Nc6 4. d4 cxd4 5. Nxd4 Qc7 6. Qd3 a6 7. Nxc6 Qxc6 8. Be2 b5 9. O-O Bb7 10. Bf3 Qc7 11. Re1 Ne7 12. Bg5 d6 13. e5 d5 14. a4 b4 15. Ne2 Nc6 16. Nd4 Nxe5 17. Qe2 Bd6 18. Rad1 O-O 19. h4 Rfe8 20. h5 h6 21. Bh4 Nxf3+ 22. Qxf3 Rac8 23. Rd3 e5 24. Nf5 Bf8 25. Nxh6+ Kh8 26. Nxf7+ Kg8 27. h6 e4 28. Qf5 gxh6 29. Rg3+ Bg7 30. Bf6 Qxg3 31. fxg3 Rf8 32. Bxg7 Rxf7 33. Qg4 Rxg7 34. Qe6+ Kh7 35. Rf1 Rc6 36. Qf5+ Rcg6 37. Qf8 Rxg3 38. Rf7 Rxg2+ 39. Kf1 Rg1+ 40. Ke2 Rg2+ 41. Ke3 b3 42. cxb3 Rg3+ 43. Kd4 Rg4 44. Ke3 h5 45. Rxg7+ Rxg7 46. Qf5+ Kh6 47. Qf6+ Rg6 48. Qf8+ Rg7 49. Qh8+ Kg6 50. Qe8+ Kh6 51. Qh8+ Kg6 52. Qe8+ Kh6 53. Qh8+ 1/2-1/2

[Event "January 9 Early 2024"]
[Site "https://www.chess.com"]
[Date "2024.01.11"]
[Round "3"]
[White "Sahin, Sarp"]
[Black "Hamblok, Roel"]
[Result "0-1"]
[Board "296"]
[TimeControl "180+1"]
[WhiteFideId "51605066"]
[BlackFideId "209317"]
[WhiteElo "2442"]
[BlackElo "2663"]
[WhiteTeam "TUR"]
[BlackTeam "BEL"]
[WhiteClock "0:00:13"]
[BlackClock "0:00:18"]

1. e4 c5 2. Nf3 e6 3. d4 cxd4 4. Nxd4 Nf6 5. Nc3 Nc6 6. Ndb5 d6 7. Bf4 e5 8. Bg5 a6 9. Na3 b5 10. Nd5 Be7 11. Bxf6 Bxf6 12. c3 O-O 13. Nc2 Be6 14. g3 Bg5 15. Bg2 Rb8 16. O-O Ne7 17. f4 Bh6 18. Nxe7+ Qxe7 19. f5 Bc8 20. Nb4 Bb7 21. h4 f6 22. Kh2 Rfd8 23. Bf3 Qf7 24. Qd3 Qc4 25. Qc2 a5 26. b3 Qc7 27. Nd5 Bxd5 28. exd5 Rdc8 29. Qe2 Qxc3 30. Be4 a4 31. bxa4 bxa4 32. Rab1 a3 33. Rxb8 Rxb8 34. Rb1 Rb2 35. Rxb2 axb2 36. Bb1 Be3 37. Qc2 Bd4 38. Qxc3 Bxc3 39. Kg2 h5 40. Kf3 Kf7 41. g4 hxg4+ 42. Kxg4 Be1 43. h5 Ke7 44. Kf3 Kd7 45. Ke2 Bc3 46. Kd3 Bd4 47. Kc4 Kc7 48. Kb4 Kb6 49. Kc4 Ka5 50. Kb3 Kb5 51. Bd3+ Kc5 52. a4 Kxd5 53. a5 Kc5 54. Be4 d5 55. a6 Kb6 56. a7 Kxa7 57. Bb1 e4 58. Kc2 Kb6 59. Kd1 Kc5 60. Kd2 Kd6 61. Ke2 Ke5 62. Kd2 Kxf5 63. Ke2 Kg5 64. Kd2 f5 65. Ke2 Kxh5 66. Kd2 f4 67. Ke2 g5 68. Kd2 g4 69. Kc2 g3 70. Kd2 g2 71. Kc2 g1=Q 72. Kd2 Qf2+ 73. Kd1 Bc3 0-1

[Event "January 9 Early 2024"]
[Site "https://www.chess.com"]
[Date "2024.01.11"]
[Round "3"]
[White "Ezat, Mohamed"]
[Black "Recuero Guerra, Javier"]
[Result "0-1"]
[Board "297"]
[TimeControl "180+1"]
[WhiteFideId "10600906"]
[BlackFideId "2254085"]
[WhiteElo "2490"]
[BlackElo "2316"]
[WhiteTeam "EGY"]
[BlackTeam "ESP"]
[WhiteClock "0:00:04"]
[BlackClock "0:00:05"]

1. d4 Nf6 2. Nf3 d6 3. c4 g6 4. g3 Bg7 5. Bg2 Bf5 6. O-O O-O 7. d5 c5 8. dxc6 Nxc6 9. Nc3 Ne4 10. Nd5 Nc5 11. Nh4 Bd7 12. Rb1 a5 13. b3 e6 14. Ne3 Qe7 15. Bb2 f5 16. Bxg7 Kxg7 17. Qd2 Rad8 18. Nf3 Ne4 19. Qb2+ Qf6 20. Qxf6+ Kxf6 21. Rfc1 g5 22. Nc2 Nc3 23. Ncd4 Nxb1 24. Rxb1 Nxd4 25. Nxd4 e5 26. Nc2 f4 27. Rd1 Bf5 28. e4 Bg4 29. f3 Be6 30. Na3 a4 31. Nb5 axb3 32. axb3 Ke7 33. Kf2 g4 34. fxg4 Bxg4 35. Rd2 h5 36. h3 Be6 37. Nc3 fxg3+ 38. Kxg3 Rg8+ 39. Kh2 Rg5 40. Nb5 Rg6 41. Bf3 h4 42. Ra2 Bd7 43. Nc3 Bc6 44. b4 Rf8 45. b5 Rxf3 46. bxc6 bxc6 47. Ra7+ Ke6 48. Ne2 Rf2+ 49. Kh1 Rxe2 50. Ra6 Re1+ 51. Kh2 Re2+ 52. Kh1 Rxe4 53. c5 Re1+ 54. Kh2 Re2+ 55. Kh1 dxc5 56. Rxc6+ Kf5 57. Rxc5 Rg3 58. Rc1 Rxh3+ 59. Kg1 Rhe3 60. Kf1 Ke4 61. Rc4+ Kf3 62. Rxh4 Rf2+ 63. Kg1 Re1# 0-1

[Event "January 9 Early 2024"]
[Site "https://www.chess.com"]
[Date "2024.01.11"]
[Round "3"]
[White "Makaraci, Tunahan"]
[Black "Bindrich, Falko"]
[Result "1/2-1/2"]
[Board "298"]
[TimeControl "180+1"]
[WhiteFideId "6356559"]
[BlackFideId "4676670"]
[WhiteElo "2554"]
[BlackElo "2811"]
[WhiteTeam "TUR"]
[BlackTeam "GER"]
[WhiteClock "0:00:06"]
[BlackClock "0:00:16"]

1. e4 e5 2. Nc3 Nc6 3. f4 exf4 4. Nf3 Nf6 5. d4 d5 6. exd5 Nxd5 7. Nxd5 Qxd5 8. Bxf4 Bd6 9. Bxd6 Qxd6 10. Bd3 O-O 11. O-O Nxd4 12. Bxh7+ Kxh7 13. Qxd4 Qxd4+ 14. Nxd4 Bd7 15. Rad1 Rae8 16. Rfe1 Kg6 17. Kf2 Kf6 18. b4 Rh8 19. h3 Rxe1 20. Rxe1 Rh4 21. c3 Rh5 22. Nb3 b6 23. a3 c5 24. Re3 Rd5 25. Rf3+ Ke7 26. Re3+ Kd6 27. Ke1 Ba4 28. Nd2 Kd7 29. Nc4 f6 30. Nd2 Bc2 31. Ke2 b5 32. Ne4 Bxe4 33. Rxe4 g5 34. g3 Kd6 35. h4 f5 36. Re8 Kd7 37. Rg8 gxh4 38. gxh4 cxb4 39. axb4 f4 40. Rg7+ Ke6 41. Rxa7 Rh5 42. Rb7 Kd6 43. Kd3 Kc6 44. Rb8 Rxh4 45. Ke4 Rg4 46. Rf8 Rg3 47. Rf6+ Kd7 48. Kd4 f3 49. Ke3 f2+ 50. Kxf2 Rxc3 51. Rf4 Kd6 52. Ke2 Ke5 53. Rh4 Rg3 54. Kd2 Kd5 55. Kc2 Rf3 56. Kd2 Rb3 57. Kc2 Rg3 58. Kd2 Rf3 59. Kc2 Rf2+ 60. Kd3 Rf3+ 61. Kc2 Ra3 62. Kb2 Ra8 63. Kc2 Rc8+ 64. Kd3 Rd8 65. Rh5+ Kc6+ 66. Kc3 Rg8 67. Rh6+ Kd5 68. Rh5+ Kc6 69. Rh6+ Kc7 70. Rh7+ Kc6 71. Rh6+ 1/2-1/2

[Event "January 9 Early 2024"]
[Site "https://www.chess.com"]
[Date "2024.01.11"]
[Round "3"]
[White "Tiarks, Jann-Christian"]
[Black "Niedbala, Bartlomiej"]
[Result "0-1"]
[Board "299"]
[TimeControl "180+1"]
[WhiteFideId "12951595"]
[BlackFideId "21834008"]
[WhiteElo "2474"]
[BlackElo "2681"]
[WhiteTeam "GER"]
[BlackTeam "POL"]
[WhiteClock "0:00:38"]
[BlackClock "0:00:20"]

1. e4 e6 2. d4 d5 3. exd5 exd5 4. Nf3 Nc6 5. Bd3 Bd6 6. c3 Nge7 7. O-O Bg4 8. Re1 f6 9. Nbd2 Qd7 10. b4 O-O-O 11. a4 h5 12. a5 h4 13. h3 Bf5 14. Qc2 Bxd3 15. Qxd3 g5 16. b5 Nb8 17. Nh2 Qf5 18. Qxf5+ Nxf5 19. Ndf3 Rde8 20. Bd2 a6 21. bxa6 bxa6 22. Ng4 Rxe1+ 23. Rxe1 Rf8 24. Ne3 Ne7 25. c4 dxc4 26. Nxc4 Nd5 27. Nxd6+ cxd6 28. Rc1+ Kd7 29. Rb1 Kc7 30. Rc1+ Nc6 31. Nh2 Rb8 32. Ng4 Rb2 33. Be1 Kd7 34. Ne3 Nce7 35. Nc4 Rb5 36. Bd2 Nf5 37. Be3 Rb7 38. Kf1 Rb3 39. Ke2 Nc3+ 40. Kd2 Ne4+ 41. Kc2 Rb5 42. Kd3 d5 43. Nb6+ Kd6 44. Nc8+ Kd7 45. Nb6+ Kd6 46. Nc8+ Ke6 47. Rc6+ Kf7 48. Rxa6 Rb3+ 49. Kc2 Rc3+ 50. Kb2 Rxc8 51. Rb6 Nxe3 52. fxe3 Nd2 53. Rb7+ Ke6 54. a6 Nc4+ 55. Kb3 Ra8 56. a7 Nd6 57. Rh7 Nf5 58. Rb7 Nxe3 59. Kb4 Nxg2 60. Kb5 Nf4 61. Kb6 Nxh3 62. Rb8 Rxa7 63. Kxa7 Nf4 64. Kb6 g4 65. Kc5 g3 66. Rh8 g2 67. Rxh4 Nd3+ 68. Kc6 g1=Q 69. Rh8 Qc1+ 70. Kb5 Qc4+ 71. Kb6 Qxd4+ 72. Kc7 Ne5 73. Re8+ Kf7 74. Rd8 Qa7+ 75. Kc8 Nc6 76. Rd7+ Qxd7+ 77. Kxd7 d4 78. Kd6 d3 79. Kc7 d2 80. Kc8 d1=Q 81. Kc7 Ne7 82. Kb8 f5 83. Ka8 f4 84. Kb8 f3 85. Ka8 f2 86. Kb8 f1=Q 87. Ka7 Qfe2 88. Kb6 Qec2 89. Ka5 Qdb1 90. Ka6 Qca2# 0-1

[Event "January 9 Early 2024"]
[Site "https://www.chess.com"]
[Date "2024.01.11"]
[Round "3"]
[White "Putri, Regita Desyari"]
[Black "Khamdamova, Afruza"]
[Result "0-1"]
[Board "300"]
[TimeControl "180+1"]
[WhiteFideId "7109083"]
[BlackFideId "14210444"]
[WhiteElo "2212"]
[BlackElo "2540"]
[WhiteTeam "INA"]
[BlackTeam "UZB"]
[WhiteClock "0:00:06"]
[BlackClock "0:00:06"]

1. e4 e5 2. Nf3 Nc6 3. Bb5 a6 4. Ba4 Nf6 5. O-O Be7 6. Re1 b5 7. Bb3 O-O 8. a4 Rb8 9. c3 d6 10. h3 h6 11. axb5 axb5 12. d4 exd4 13. cxd4 d5 14. e5 Ne4 15. Nc3 Nxc3 16. bxc3 Be6 17. Be3 Qd7 18. Nd2 Rfd8 19. f4 Bh4 20. Rf1 Bf5 21. Nf3 Be7 22. g4 Be4 23. Bc2 b4 24. cxb4 Nxb4 25. Ba4 c6 26. Ne1 Bh4 27. f5 Bxe1 28. Qxe1 Nd3 29. Qh4 Rb2 30. Bf2 Ra8 31. f6 Nxf2 32. Rxf2 Rxf2 33. Kxf2 Qb7 34. Ra2 Qb1 35. Re2 Rxa4 36. fxg7 Qh1 37. Qd8+ Kxg7 38. Qf6+ Kg8 39. Qd8+ Kh7 40. Qf6 Qg2+ 41. Ke3 Ra3+ 42. Kd2 Ra2+ 43. Kc3 Qg3+ 44. Kb4 Ra7 45. Kc5 Qc3+ 46. Kd6 Qb4+ 47. Kxc6 Ra6+ 48. Kd7 Rxf6 49. exf6 Qb7+ 50. Ke8 Qc6+ 51. Ke7 Bg6 52. Re5 Qc4 53. Kd6 Qxd4 54. Rxd5 Qe3 0-1

[Event "January 9 Early 2024"]
[Site "https://www.chess.com"]
[Date "2024.01.11"]
[Round "3"]
[White "Martinez Pla, Xavier"]
[Black "Bharadia Yash"]
[Result "0-1"]
[Board "301"]
[TimeControl "180+1"]
[WhiteFideId "32074271"]
[BlackFideId "45087822"]
[WhiteElo "2454"]
[BlackElo "2353"]
[WhiteTeam "ESP"]
[BlackTeam "IND"]
[WhiteClock "0:00:02"]
[BlackClock "0:00:05"]

1. e4 g6 2. d4 Bg7 3. Nc3 d6 4. Be3 a6 5. h4 h6 6. f3 b5 7. Qd2 Bb7 8. Nh3 Nd7 9. a4 b4 10. Nd1 a5 11. Bb5 c6 12. Bc4 Nb6 13. Be2 Nf6 14. Nf4 Qc7 15. Nf2 e5 16. N4h3 exd4 17. Bxd4 c5 18. Be3 Rd8 19. O-O d5 20. Bb5+ Kf8 21. Bf4 Qc8 22. e5 Nfd7 23. Qe2 Re8 24. Rfe1 Bc6 25. Qd2 Nxe5 26. b3 d4 27. Ne4 Bxb5 28. axb5 Nxf3+ 29. gxf3 Qxh3 30. Bd6+ Kg8 31. Nf6+ Bxf6 32. Rxe8+ Kg7 33. Rxh8 Kxh8 34. Qxh6+ Kg8 35. Rxa5 Qxf3 36. Ra1 Qg4+ 37. Kf1 Qf3+ 38. Kg1 Qg4+ 39. Kh2 Qe2+ 40. Kh3 Qe6+ 41. Kg2 Qxd6 42. Re1 Be5 43. Qg5 Nd7 44. h5 Kg7 45. h6+ Kh7 46. Rf1 Qd5+ 47. Kg1 f6 48. Qg4 d3 49. cxd3 Qxd3 50. Rd1 Bd4+ 51. Kg2 Qc2+ 52. Kh3 Ne5 53. Qe6 Qxd1 54. Qe7+ Kxh6 55. Qf8+ Kg5 56. b6 Qf3+ 0-1

[Event "January 9 Early 2024"]
[Site "https://www.chess.com"]
[Date "2024.01.11"]
[Round "3"]
[White "Mizzi, Jack"]
[Black "Krallis, Christos"]
[Result "1-0"]
[Board "302"]
[TimeControl "180+1"]
[WhiteFideId "5602521"]
[BlackFideId "4298896"]
[WhiteElo "2489"]
[BlackElo "2664"]
[WhiteTeam "MLT"]
[BlackTeam "GRE"]
[WhiteClock "0:00:10"]
[BlackClock "0:00:03"]

1. d4 b6 2. Nf3 Bb7 3. g3 Nf6 4. Bg2 g6 5. O-O Bg7 6. c4 O-O 7. Nc3 e6 8. Qc2 c5 9. dxc5 bxc5 10. Rd1 Nc6 11. Nb5 Ne8 12. Bg5 Qb6 13. Rxd7 a6 14. Nc3 Nd4 15. Rxb7 Nxc2 16. Rxb6 Nxa1 17. Be7 Nc7 18. Bxf8 Kxf8 19. Rb7 Rc8 20. Na4 Ne8 21. Ng5 Rc7 22. Rb8 Ke7 23. Ne4 Nd6 24. Nxd6 Kxd6 25. Rb6+ Ke7 26. Rxa6 Nc2 27. a3 Nd4 28. e3 Nb3 29. Rb6 Nd2 30. b3 Nb1 31. Bc6 Nxa3 32. Nxc5 Nb1 33. Na6 Ra7 34. c5 Nd2 35. b4 Nc4 36. Rb7+ Rxb7 37. Bxb7 Kd8 38. f4 Bf8 39. e4 e5 40. Bd5 Nd2 41. Kf2 f6 42. Ke2 Nb1 43. Kd3 Na3 44. Bc6 g5 45. f5 h5 46. h3 g4 47. hxg4 hxg4 48. b5 Bxc5 49. Nxc5 Kc7 50. Na4 Nb1 51. Be8 Na3 52. Nc5 Kb6 53. Ne6 Nb1 54. Ng7 Na3 55. Nh5 Kc7 56. Nxf6 Kd8 57. Bc6 Ke7 58. Nd5+ Kd6 59. f6 Ke6 60. Be8 Nb1 61. f7 Nd2 62. Kxd2 1-0

[Event "January 9 Early 2024"]
[Site "https://www.chess.com"]
[Date "2024.01.11"]
[Round "3"]
[White "Coca Cubillos, Jesus Alberto"]
[Black "Shohat, Yotam"]
[Result "1/2-1/2"]
[Board "303"]
[TimeControl "180+1"]
[WhiteFideId "4462912"]
[BlackFideId "2813955"]
[WhiteElo "2588"]
[BlackElo "2416"]
[WhiteTeam "COL"]
[BlackTeam "ISR"]
[WhiteClock "0:00:28"]
[BlackClock "0:00:12"]

1. f4 d5 2. Nf3 Nc6 3. e3 Bf5 4. d4 a6 5. c3 Nf6 6. Bd3 Ne4 7. O-O e6 8. Qc2 g6 9. Nbd2 Nd6 10. Ne5 Bxd3 11. Qxd3 Bg7 12. e4 Ne7 13. Nef3 f5 14. exf5 exf5 15. Ne5 O-O 16. b3 Ne4 17. Ba3 Re8 18. Nxe4 fxe4 19. Qh3 Nf5 20. g4 Nd6 21. Rae1 Qf6 22. Qg3 Rad8 23. h4 Bf8 24. Rf2 Nf7 25. Bc1 Nxe5 26. fxe5 Qe6 27. Rf6 Qd7 28. h5 Bg7 29. Rf2 Rf8 30. Ref1 Rxf2 31. Rxf2 Rf8 32. hxg6 hxg6 33. Bg5 c6 34. Rf4 Rxf4 35. Qxf4 Qf7 36. Qg3 Qe6 37. Qh4 c5 38. Bf6 cxd4 39. cxd4 Bxf6 40. exf6 Qf7 41. g5 Qe8 42. Kf2 Qf7 43. Ke3 Qe6 44. Qh6 Qf7 45. b4 Qh7 46. f7+ Qxf7 47. Qh3 Qf5 48. Qg3 Qe6 49. Qb8+ Kg7 50. Qxb7+ Qf7 51. Qxf7+ Kxf7 52. a4 Ke6 53. Kf4 Kd6 54. Ke3 Kc6 55. Kf4 Kb6 56. Ke3 Kc6 57. Kf4 Kb7 58. Kg3 a5 59. b5 Kb6 60. Kf4 Kb7 61. Ke3 Kb6 62. Kd2 Kb7 63. Ke2 Kb6 64. Ke1 Kb7 65. Kf2 Kb6 66. Kg1 Kb7 67. Kf1 Kb6 68. Ke1 Kb7 69. Ke2 Kb6 70. Ke3 Kb7 71. Kd2 Kc7 72. Ke1 Kd6 73. Kd1 Ke6 74. Ke2 Ke7 75. Ke3 Ke8 76. Kf4 Kd7 77. Kg3 Ke6 78. Kf2 Kd7 79. Ke1 Kc7 80. Kd2 Kb6 81. Ke3 Kb7 82. Ke2 1/2-1/2

[Event "January 9 Early 2024"]
[Site "https://www.chess.com"]
[Date "2024.01.11"]
[Round "3"]
[White "So, Wesley"]
[Black "Saydaliev, Saidakbar"]
[Result "1-0"]
[Board "304"]
[TimeControl "180+1"]
[WhiteFideId "5202213"]
[BlackFideId "14203693"]
[WhiteElo "3058"]
[BlackElo "2766"]
[WhiteTeam "USA"]
[BlackTeam "UZB"]
[WhiteClock "0:00:08"]
[BlackClock "0:00:02"]

1. d4 Nf6 2. c4 e6 3. Nc3 Bb4 4. e3 O-O 5. Nf3 d5 6. Bd2 b6 7. Rc1 Bb7 8. cxd5 exd5 9. Nb5 Bxd2+ 10. Qxd2 c6 11. Nc3 Nbd7 12. b4 Re8 13. Be2 Qe7 14. Qb2 a5 15. b5 c5 16. O-O c4 17. Rfe1 Qd6 18. Nd2 Re7 19. Bf3 Nf8 20. g3 Rae8 21. Bg2 h5 22. Rcd1 Ng6 23. e4 dxe4 24. Nxc4 Qc7 25. Ne3 Rd7 26. d5 Qc5 27. Na4 Qc7 28. Nc3 Qc5 29. Rd2 Ne5 30. Nxe4 Nxe4 31. Bxe4 Nc4 32. Nxc4 Qxc4 33. Bh7+ Kf8 34. Qa3+ Qb4 35. Rxe8+ Kxe8 36. Qxb4 axb4 37. Be4 Kd8 38. Kg2 Rc7 39. Rd4 Rc5 40. Rxb4 Kd7 41. a4 Kd6 42. Kf3 g6 43. Kf4 Rc1 44. Rd4 Ra1 45. Kg5 Ra2 46. f4 Rxh2 47. Kf6 Rh3 48. Rd3 h4 49. gxh4 Rxh4 50. Rf3 Bxd5 51. Bxd5 Kxd5 52. Kxf7 Rg4 53. Kf6 Kc5 54. Ke5 Kb4 55. Kd5 Kxa4 56. Kc6 Ka5 57. Rf1 Rg2 58. Ra1+ Kb4 59. Kxb6 Re2 60. Rb1+ Kc4 61. Ka6 Re8 62. b6 Rf8 63. b7 1-0

[Event "January 9 Early 2024"]
[Site "https://www.chess.com"]
[Date "2024.01.11"]
[Round "3"]
[White "Wojtaszek, Radoslaw"]
[Black "Chu, Wei Chao"]
[Result "1-0"]
[Board "305"]
[TimeControl "180+1"]
[WhiteFideId "1118358"]
[BlackFideId "8605661"]
[WhiteElo "2860"]
[BlackElo "2578"]
[WhiteTeam "POL"]
[BlackTeam "CHN"]
[WhiteClock "0:00:04"]
[BlackClock "0:00:04"]

1. e4 e5 2. Nf3 Nc6 3. Bb5 a6 4. Ba4 Nf6 5. d3 b5 6. Bb3 Bc5 7. c3 d6 8. Bg5 h6 9. Bh4 Ba7 10. a4 g5 11. Bg3 b4 12. Nbd2 Rb8 13. a5 O-O 14. h3 Kg7 15. Bc4 bxc3 16. bxc3 Nh5 17. Bh2 Nf4 18. Bxf4 exf4 19. d4 Ne7 20. Qe2 c5 21. Bxa6 cxd4 22. cxd4 d5 23. Bxc8 Rxc8 24. O-O Nc6 25. a6 Re8 26. e5 Nxd4 27. Nxd4 Bxd4 28. Ra4 Rxe5 29. Qd3 Ba7 30. Nf3 Re6 31. Nd4 Bxd4 32. Qxd4+ Qf6 33. Qd3 Ra8 34. a7 Re4 35. Ra6 Re6 36. Ra5 Re7 37. Rfa1 Rd7 38. Qb5 Qe6 39. Ra6 Rd6 40. Rxd6 Qxd6 41. Qb7 Qd8 42. Rd1 d4 43. Rd3 Kg8 44. Kh2 Kg7 45. h4 Kg8 46. hxg5 hxg5 47. Qa6 Kg7 48. Qb7 Kg6 49. f3 f6 50. Qe4+ Kg7 51. Qb7+ Kg6 52. Kg1 Qa5 53. Rd1 Qxa7 54. Qe4+ Kg7 55. Rb1 Rf8 56. Rb7+ Qxb7 57. Qxb7+ Rf7 58. Qd5 Re7 59. Qxd4 Re5 60. Kf2 Kg6 61. Qd7 Rf5 62. Qe8+ Kg7 63. Qe7+ Kg6 64. Qe4 1-0

[Event "January 9 Early 2024"]
[Site "https://www.chess.com"]
[Date "2024.01.11"]
[Round "3"]
[White "Tatarinov, Dmitry"]
[Black "Zemlyanskii, Ivan"]
[Result "1/2-1/2"]
[Board "306"]
[TimeControl "180+1"]
[WhiteFideId "24160067"]
[BlackFideId "24249971"]
[WhiteElo "2755"]
[BlackElo "2994"]
[WhiteTeam "RUS"]
[BlackTeam "RUS"]
[WhiteClock "0:00:09"]
[BlackClock "0:00:07"]

1. c4 e6 2. d4 d5 3. Nc3 c6 4. e3 Nf6 5. Bd3 Nbd7 6. Nf3 dxc4 7. Bxc4 b5 8. Bd3 Bb7 9. O-O a6 10. a4 b4 11. Ne4 c5 12. Nxc5 Bxc5 13. dxc5 Nxc5 14. Be2 Qe7 15. a5 O-O 16. Bd2 Rfd8 17. Qe1 Bxf3 18. Bxf3 Nd3 19. Qe2 Rac8 20. Be1 e5 21. e4 Qc5 22. Bd2 Qc2 23. Be3 Qb3 24. Rfd1 h6 25. h3 Qxb2 26. Qxb2 Nxb2 27. Rdb1 Nd3 28. Rb3 Rc3 29. Rab1 Rdc8 30. Be2 Nc1 31. Bxc1 Rxc1+ 32. Kh2 R1c2 33. Bxa6 Ra8 34. Bd3 Rxf2 35. a6 Rd2 36. Ra1 Nd7 37. Bc4 Rd4 38. Rxb4 Kh7 39. a7 Nc5 40. Bd5 Rxa7 41. Rxa7 Rxb4 42. Rxf7 Nxe4 43. Re7 Nf6 44. Rxe5 Rd4 45. Be6 Kg6 46. Bf5+ Kf7 47. Be6+ Kf8 48. Bf5 Rd6 49. Bg6 Rd8 50. h4 Nd7 51. Rf5+ Kg8 52. Rd5 Kf8 53. Bf5 Ke7 54. Bxd7 Rxd7 55. Rxd7+ Kxd7 56. g4 Ke6 57. Kg3 Ke5 58. Kf3 g6 59. Ke3 g5 60. h5 Kd5 61. Kd3 Ke5 62. Ke3 Kd5 63. Kd3 Ke5 64. Ke3 1/2-1/2

[Event "January 9 Early 2024"]
[Site "https://www.chess.com"]
[Date "2024.01.11"]
[Round "3"]
[White "Kukhmazov, Arsen"]
[Black "Batsiashvili, Nino"]
[Result "1-0"]
[Board "307"]
[TimeControl "180+1"]
[WhiteFideId "24108260"]
[BlackFideId "13602993"]
[WhiteElo "2904"]
[BlackElo "2520"]
[WhiteTeam "FID"]
[BlackTeam "GEO"]
[WhiteClock "0:00:08"]
[BlackClock "0:00:13"]

1. d4 Nf6 2. c4 c5 3. d5 b5 4. Qc2 bxc4 5. e4 d6 6. Bxc4 g6 7. Nf3 Bg7 8. h3 O-O 9. O-O Nbd7 10. Nc3 Nb6 11. Be2 e6 12. dxe6 fxe6 13. e5 dxe5 14. Nxe5 Bb7 15. Rd1 Nfd5 16. Nf3 Qe7 17. Ne4 Rac8 18. Bg5 Qc7 19. Rac1 Nf4 20. Bxf4 Qxf4 21. Nd6 Bxf3 22. Bxf3 Rc7 23. Qe4 Qxe4 24. Nxe4 c4 25. b3 c3 26. Rc2 Nd5 27. a3 h6 28. Nd6 Rd8 29. Nb5 Rc5 30. a4 a6 31. Na3 Kf7 32. Nc4 Rcc8 33. Kf1 Nb4 34. Rxd8 Rxd8 35. Rc1 c2 36. Ke2 Bb2 37. Nxb2 Rc8 38. Nc4 Rc5 39. Be4 a5 40. Bxc2 Na2 41. Rf1 Nc3+ 42. Kd3 Nd5 43. Bd1 Nb4+ 44. Kc3 Rd5 45. Be2 Rg5 46. g3 Rd5 47. Rd1 Rc5 48. f4 Kf6 49. Rd7 Na2+ 50. Kb2 Nb4 51. Bf3 g5 52. fxg5+ hxg5 53. h4 gxh4 54. gxh4 Rf5 55. Nd2 Rf4 56. h5 Rh4 57. Ra7 Nd3+ 58. Kc3 Ne5 59. Bd1 Rh3+ 60. Kc2 Nc6 61. Rc7 Nd4+ 62. Kb2 Rh2 63. Kc3 Nf5 64. Ne4+ Ke5 65. Ng5 Ne3 66. Nf3+ Kf4 67. Nxh2 Nxd1+ 68. Kd2 Nf2 69. Rf7+ Ke5 70. Rxf2 1-0

[Event "January 9 Early 2024"]
[Site "https://www.chess.com"]
[Date "2024.01.11"]
[Round "3"]
[White "Kozak, Antoni"]
[Black "Svane, Rasmus"]
[Result "0-1"]
[Board "308"]
[TimeControl "180+1"]
[WhiteFideId "21832030"]
[BlackFideId "4657101"]
[WhiteElo "2755"]
[BlackElo "3020"]
[WhiteTeam "POL"]
[BlackTeam "GER"]
[WhiteClock "0:00:13"]
[BlackClock "0:00:06"]

1. Nf3 d5 2. g3 Nd7 3. d4 Nb6 4. a4 a5 5. Nc3 Bf5 6. Nh4 Bg4 7. h3 Bh5 8. Bg2 e6 9. O-O Be7 10. Nf3 Nf6 11. Bf4 O-O 12. Nb5 Ne8 13. Ne5 c6 14. Nc3 Nd6 15. Re1 Nbc4 16. Nd3 Bg6 17. b3 Nb6 18. Nc5 Ra7 19. e4 Nd7 20. exd5 exd5 21. Nd3 Nf5 22. Ne2 Bd6 23. c3 Bxf4 24. Nexf4 Ra8 25. h4 Nd6 26. Ne5 Bf5 27. Qf3 Be4 28. Qg4 Nf6 29. Qh3 Bxg2 30. Kxg2 Re8 31. g4 Nfe4 32. Re3 f6 33. Nf3 Qd7 34. Rae1 Re7 35. g5 Qxh3+ 36. Nxh3 Rae8 37. Nf4 Nf5 38. Rd3 Nxh4+ 39. Nxh4 fxg5 40. Nfg6 hxg6 41. Nxg6 Re6 42. Ne5 Nc5 43. Rh3 Nxb3 44. Reh1 Rh6 45. Rxh6 gxh6 46. Rxh6 Re7 47. Rg6+ Rg7 48. Rd6 Re7 49. Rg6+ Rg7 50. Re6 Nd2 51. Re8+ Kh7 52. Rb8 Ne4 53. c4 Nc3 54. c5 Nxa4 55. Ng4 Nc3 56. Nf6+ Kg6 57. Ne8 Re7 58. Nd6 Nb5 59. Rg8+ Kh7 60. Rd8 a4 61. Nf5 Rf7 62. Nd6 Rg7 63. Ne8 Re7 64. Nf6+ Kg6 65. Ng4 Re4 66. Ne5+ Kg7 67. Rd7+ Kf6 68. Rxb7 Nxd4 69. Nd7+ Ke6 70. Nf8+ Kf6 71. Nh7+ Kf5 72. Rf7+ Kg6 73. Ra7 Nb5 74. Nf8+ Kf6 75. Nd7+ Ke7 76. Nb8+ Ke6 77. Nxc6 Nxa7 0-1

[Event "January 9 Early 2024"]
[Site "https://www.chess.com"]
[Date "2024.01.11"]
[Round "3"]
[White "Aukhatov, Roman"]
[Black "Garakov, Mikhael"]
[Result "0-1"]
[Board "309"]
[TimeControl "180+1"]
[WhiteFideId "44150768"]
[BlackFideId "4169034"]
[WhiteElo "2442"]
[BlackElo "2660"]
[WhiteTeam "RUS"]
[BlackTeam "RUS"]
[WhiteClock "0:00:02"]
[BlackClock "0:00:08"]

1. Nf3 c5 2. c4 Nf6 3. Nc3 b6 4. g3 Bb7 5. Bg2 e6 6. O-O Be7 7. d4 cxd4 8. Qxd4 d6 9. Bg5 a6 10. Bxf6 Bxf6 11. Qf4 Bxf3 12. exf3 Ra7 13. Rad1 Rd7 14. Qe3 Qc7 15. Nd5 Qc5 16. Nxb6 Rb7 17. Na4 Qxc4 18. b3 Qb4 19. f4 Re7 20. Rc1 O-O 21. Rc4 Qa3 22. Nc3 d5 23. Ra4 Qb2 24. Ne2 Rc7 25. f5 Rc2 26. Nf4 d4 27. Qd3 Rc3 28. Qb1 Qxb1 29. Rxb1 d3 30. fxe6 d2 31. Rd1 Rc1 32. Bf3 fxe6 33. Kf1 Rxd1+ 34. Bxd1 Rd8 35. Nxe6 Re8 36. Re4 Nc6 37. Nc5 Rd8 38. Re6 Nd4 39. Rxa6 Re8 40. Nd3 Nb5 41. Rc6 Nc3 42. Rxc3 Bxc3 43. Be2 Rd8 44. Nf4 d1=Q+ 45. Bxd1 Rxd1+ 46. Ke2 Ra1 47. Kd3 Ba5 48. Ne6 Rxa2 49. f4 Rxh2 50. f5 Bb6 51. Ke4 Rb2 52. g4 Rxb3 53. g5 Rb5 54. Nf4 Rb4+ 55. Kf3 Kf7 56. Nd5 Rb3+ 57. Ke4 Bc5 58. Nf4 Rb4+ 59. Kf3 Bd6 60. Nd5 Rb5 61. Ne3 Be7 62. Ke4 Bxg5 0-1